 Dungeon Crawl Stone Soup version 0.23-b1-59-g586d0d887c (webtiles) character file.

Game seed: 5424298932501504387

179 Majang the Skirmisher (level 5, -17/41 HPs)
             Began as a Demonspawn Gladiator on Feb 5, 2019.
             Demolished by Menkaure (19 damage)
             ... on level 4 of the Dungeon.
             The game lasted 00:10:41 (3256 turns).

Majang the Skirmisher (Demonspawn Gladiator)        Turns: 3256, Time: 00:10:42

Health: -17/41     AC:  6    Str: 14    XL:     5   Next: 32%
Magic:  5/5        EV: 12    Int:  9    God:
Gold:   267        SH:  0    Dex: 14    Spells: 4/4 levels left

rFire    . . .     SeeInvis .   e - +0 war axe
rCold    + . .     Gourm    .   (no shield)
rNeg     . . .     Faith    .   b - +1 leather armour
rPois    .         Spirit   .   (helmet restricted)
rElec    .         Reflect  .   k - +0 cloak (curse)
rCorr    .         Harm     .   n - +0 pair of gloves
MR       .....                  (no boots)
Stlth    +.........             (no amulet)
HPRegen  0.13/turn              p - -2 ring of strength
MPRegen  0.09/turn              a - ring of protection from cold

@: hasted, very quick
A: antennae 2, talons 1, rot immunity
a: no special abilities


You were on level 4 of the Dungeon.
You were not hungry.

You visited 1 branch of the dungeon, and saw 4 of its levels.

You collected 267 gold pieces.

Inventory:

Hand Weapons
 e - a +0 war axe (weapon)
Missiles
 d - 3 throwing nets (quivered)
 m - 7 poisoned javelins
Armour
 b - a +1 leather armour (worn)
 k - a cursed +0 cloak (worn)
 n - a +0 pair of gloves (worn)
 o - a +0 leather armour of cold resistance
Jewellery
 a - a ring of protection from cold (right hand)
 p - a -2 ring of strength (left hand)
Wands
 s - a wand of polymorph (11)
Scrolls
 c - 4 scrolls of identify
 l - a scroll of magic mapping
 r - a scroll of teleportation
 u - a scroll of enchant armour
Potions
 g - a potion of mutation {unknown}
 h - a potion of curing {unknown}
 i - a potion of lignification {unknown}
 q - a potion of berserk rage
Comestibles
 f - 4 rations


   Skills:
 + Level 3.5 Fighting
 - Level 3.2 Axes
 - Level 1.7 Throwing
 - Level 2.6 Dodging
 * Level 3.3 Unarmed Combat


You had 4 spell levels left.
You didn't know any spells.
Your spell library was empty.

Dungeon Overview and Level Annotations

Branches:
Dungeon (4/15)
 Temple: D:4-7

Altars:

Annotations:
D:4 Menkaure


Innate Abilities, Weirdness & Mutations

You have a pair of antennae on your head.
You have sharp toenails.
You are immune to rotting.


Message History

The adder bites you but does no damage.
You slash Menkaure! Your kick misses Menkaure.
Menkaure is heavily damaged.
You barely miss the adder. The adder bites you.
Menkaure calls on the powers of darkness!
Your body is wracked with pain!
The adder convulses!
The adder bites you but does no damage.
You slash Menkaure!
Menkaure is severely damaged.
You hit the adder. The adder misses you. Menkaure hits you!
* * * LOW HITPOINT WARNING * * *
It was a potion of haste.
You feel yourself speed up. The adder bites you but does no damage.
Menkaure hits you.
* * * LOW HITPOINT WARNING * * *
The adder bites you but does no damage.
You hit Menkaure but do no damage.
Menkaure is severely damaged.
You barely miss the adder. The adder bites you but does no damage.
Menkaure hits you!!
You die...

#......#
#......#
#####......#
.......<...#
#####......#
######.#
#.########.
#..........
#..@M......
#......S.......
#.####.........
..........
.#.........
#.#......).. .
#......... ##
#.........


You could see Menkaure and an adder.

Vanquished Creatures
  Natasha (D:3)
  4 gnolls (D:3)
  3 adders (D:3)
  A worm (D:3)
  7 dart slugs
  7 leopard geckos
  2 orcs (D:3)
  A ball python (D:2)
  3 giant cockroaches
  9 goblins
  6 hobgoblins (D:1)
  4 kobolds
  A quokka (D:3)
  8 bats
  A frilled lizard (D:1)
  10 rats
68 creatures vanquished.

Notes
Turn   | Place    | Note
-------+----------+-------------------------------------------
     0 | D:1      | Majang the Demonspawn Gladiator began the quest for the
                  | Orb.
     0 | D:1      | Reached XP level 1. HP: 16/16 MP: 1/1
   270 | D:1      | Gained mutation: You have sharp toenails. [demonic
                  | ancestry]
   270 | D:1      | Reached XP level 2. HP: 22/22 MP: 2/2
   574 | D:1      | Reached skill level 1 in Unarmed Combat
   593 | D:1      | Gained mutation: You are immune to rotting. [demonic
                  | ancestry]
   593 | D:1      | Reached XP level 3. HP: 24/28 MP: 3/3
  1926 | D:3      | Gained mutation: You have a pair of small antennae on your
                  | head. [demonic ancestry]
  1926 | D:3      | Reached XP level 4. HP: 34/34 MP: 4/4
  2783 | D:3      | Noticed Natasha
  2800 | D:3      | Killed Natasha
  2800 | D:3      | Gained mutation: You have a pair of antennae on your head.
                  | [demonic ancestry]
  2800 | D:3      | Reached XP level 5. HP: 21/41 MP: 5/5
  3249 | D:4      | Noticed Menkaure
  3255 | D:4      | HP: 2/41 [Menkaure (3)]
  3256 | D:4      | Demolished by Menkaure

Skill      XL: |  1  2  3  4 |
---------------+-------------+-----
Axes           | 3 |  3.2
Unarmed Combat | 1 2 3 |  3.3
Fighting       | 3 |  3.5
Throwing       | |  1.7
Dodging        | |  2.6

Action                   |  1- 3 |  4- 6 || total
-------------------------+-------+-------++-------
Melee: War axe           |    97 |    60 ||   157
       Unarmed           |    13 |       ||    13
       Kick              |    16 |    14 ||    30
       Punch             |       |     1 ||     1
  Use: Scroll            |     8 |       ||     8
       Potion            |       |     2 ||     2
 Stab: Sleeping          |     1 |       ||     1
  Eat: Chunk             |     3 |     5 ||     8
Armor: Leather armour    |    41 |    32 ||    73
Dodge: Dodged            |    95 |    52 ||   147
